 Dungeon Crawl Stone Soup version 0.20-a0-1116-gaa52201 (webtiles) character file.

1122 dvd the Gusty (level 8, -8/43 HPs)
             Began as a Tengu Air Elementalist on May 7, 2017.
             Was a Priest of Vehumet.
             Killed by divine providence
             ... invoked by an orc priest
              (9 damage)
             ... on level 6 of the Dungeon.
             The game lasted 00:19:28 (5983 turns).

dvd the Gusty (Tengu Air Elementalist)              Turns: 5983, Time: 00:19:30

Health: -8/43      AC:  4    Str:  8    XL:     8   Next: 35%
Magic:  16/16      EV: 19    Int: 17    God:    Vehumet [***...]
Gold:   348        SH:  5    Dex: 21    Spells: 0/17 levels left

rFire    + . .     SeeInvis .   e - +3 war axe (venom)
rCold    . . .     Gourm    .   m - +0 buckler
rNeg     . . .     Faith    .   u - +2 animal skin
rPois    .         Spirit   .   (helmet restricted)
rElec    .         Reflect  .   (no cloak)
rCorr    .         Harm     .   (no gloves)
MR       .....                  (boots unavailable)
Stlth    ++++......             A - amulet of magic regeneration
Regen    0.2/turn               k - +1 ring of slaying
MPRegen  0.3/turn               y - ring of protection from fire

@: agile, hasted, drained, very quick
A: beak, talons 3, able to fly 1
a: Fly, Renounce Religion


You were on level 6 of the Dungeon.
You worshipped Vehumet.
Vehumet was most pleased with you.
You were hungry.

You visited 1 branch of the dungeon, and saw 6 of its levels.
You also visited: Sewer.

You collected 348 gold pieces.

Inventory:

Hand Weapons
 d - a +1 antimagic rapier
 e - a +3 war axe of venom (weapon)
 v - a +1 dagger of venom
 x - a +1 mace of protection
Missiles
 t - 9 javelins (quivered)
 w - 4 tomahawks
Armour
 i - a +0 shield
 m - a +0 buckler (worn)
 o - a +0 scale mail of fire resistance
 u - a +2 animal skin (worn)
Jewellery
 k - a +1 ring of slaying (left hand)
 y - a ring of protection from fire (right hand)
 A - an amulet of magic regeneration (around neck)
Scrolls
 a - a scroll of magic mapping {unknown}
 h - a scroll of amnesia {unknown}
 j - a scroll of recharging {unknown}
 q - 2 scrolls of fog {unknown}
 r - 4 scrolls of identify {unknown}
 s - a scroll of enchant armour {unknown}
 B - a scroll of fear {unknown}
 D - 2 scrolls of remove curse {unknown}
 F - a scroll of blinking {unknown}
 G - 2 scrolls of teleportation
 I - a scroll of immolation {unknown}
 J - a scroll of enchant weapon {unknown}
Potions
 g - a potion of degeneration {unknown}
 l - 5 potions of flight
 n - a potion of agility
 p - a potion of resistance {unknown}
 z - a potion of brilliance {unknown}
 C - a potion of haste
 H - 2 potions of magic
Books
 b - a book of Air

   Spells                             Type                      Level
   a - Shock                          Conjuration/Air              1
   b - Swiftness                      Charms/Air                   2
   c - Static Discharge               Conjuration/Air              3
   d - Airstrike                      Air                          4
   e - Lightning Bolt                 Conjuration/Air              5
Comestibles
 c - 3 bread rations
 f - 3 royal jellies
 E - a chunk of flesh


   Skills:
 + Level 1.4(1.1) Fighting
 + Level 2.1 Axes
 + Level 0.9(1.4) Maces & Flails
 + Level 3.7(3.5) Dodging
 + Level 3.1(2.9) Stealth
 + Level 1.3(1.0) Shields
 + Level 5.1(4.9) Spellcasting
 + Level 4.9(4.7) Conjurations
 + Level 7.5(7.3) Air Magic


You couldn't memorise any spells.
You knew the following spells:

 Your Spells              Type           Power        Failure   Level  Hunger
a - Shock                 Conj/Air       ###.         1%          1    None
b - Static Discharge      Conj/Air       ###.....     1%          3    ###....
c - Airstrike             Air            ####......   2%          4    ####...
d - Lightning Bolt        Conj/Air       ###.......   13%         5    ######.
e - Olgreb's Toxic Radia  Pois           #.......     45%         4    ####...


Dungeon Overview and Level Annotations

Branches:
Dungeon (6/15)             Temple (0/1) D:4

Altars:
Fedhas
Gozag
Ru
Vehumet
Wu Jian


Innate Abilities, Weirdness & Mutations

You have a beak for a mouth.
You have claws for feet.
You can fly.


Message History

Confirm with . or Enter, or press ? or * to list all spells.
The howler monkey is struck by lightning.
The howler monkey is heavily wounded.
The lightning grounds out.
The howler monkey hits you!
* * * LOW HITPOINT WARNING * * *
The orc wizard casts a spell.
The orc wizard seems to speed up.
The howler monkey hits you but does no damage.
It was a potion of magic.
Magic courses through your body. The howler monkey misses you.
You block the orc wizard's attack.
An orc priest comes into view. It is wielding a hand axe.
It was a potion of agility.
You feel agile all of a sudden.
The orc wizard hits you but does no damage.
You feel drained. The howler monkey misses you.
An orc wizard comes into view. It is wielding an enchanted trident.
It was a potion of haste.
You feel yourself speed up.
The orc priest calls down the wrath of Beogh upon you.
Beogh smites you!
You die...

#.....#.#..#
#.....#>#..#
#.....#.#..#
#.....#.####
#...).#......##
#.....#
#....#######
#.....#
#....#.....#
#...<)#
#....#.....#
#####.#
#....#@o...### #.#
#....#.h......
#.####....#o.......
#....'†...oo.......
########.######....
..... .### ###.###
# ... #.#


You could see a howler monkey, an orc priest, 2 orc wizards and an orc.

Vanquished Creatures
  A black bear (D:6)
  2 centaurs (D:6)
  An ogre (D:4)
  A scorpion (D:6)
  A howler monkey (D:4)
  A crimson imp (D:5)
  2 orc priests
  4 hounds
  2 orc wizards
  Terence (D:3)
  2 worker ants (D:6)
  A merfolk siren (Sewer)
  A merfolk avatar (Sewer)
  Robin (D:3)
  9 adders
  5 river rats
  An ooze (D:2)
  An adder skeleton (D:4)
  5 worms
  2 dart slugs
  6 leopard geckos
  19 orcs
  5 ball pythons
  8 bats
  7 giant cockroaches
  11 goblins
  8 hobgoblins
  6 jackals
  2 quokkas
  11 frilled lizards
  4 kobolds
  A quokka zombie (D:6)
  26 rats
158 creatures vanquished.

Vanquished Creatures (others)
  7 toadstools (D:1)
7 creatures vanquished.

Grand Total: 165 creatures vanquished

Notes
Turn   | Place    | Note
-------+----------+-------------------------------------------
     0 | D:1      | dvd the Tengu Air Elementalist began the quest for the Orb.
     0 | D:1      | Reached XP level 1. HP: 10/10 MP: 4/4
   163 | D:1      | Reached XP level 2. HP: 15/15 MP: 0/6
   665 | D:2      | Reached XP level 3. HP: 19/19 MP: 4/7
   683 | D:2      | Learned a level 3 spell: Static Discharge
   821 | D:2      | Found an ornate altar of the Wu Jian Council.
  1267 | D:2      | Found a blossoming altar of Fedhas.
  1377 | D:2      | Reached skill level 5 in Air Magic
  1377 | D:2      | Reached XP level 4. HP: 20/24 MP: 4/9
  1423 | D:2      | Learned a level 4 spell: Airstrike
  1477 | D:2      | Found a radiant altar of Vehumet.
  1482 | D:2      | Became a worshipper of Vehumet
  2019 | D:3      | Noticed Robin
  2028 | D:3      | Killed Robin
  2345 | D:3      | Noticed Terence
  2358 | D:3      | Killed Terence
  2358 | D:3      | Gained mutation: You can fly. [Tengu growth]
  2358 | D:3      | Reached XP level 5. HP: 22/28 MP: 0/10
  2459 | D:3      | Reached * piety under Vehumet
  2459 | D:3      | Offered knowledge of Sandblast by Vehumet.
  2823 | D:4      | Reached XP level 6. HP: 25/32 MP: 6/12
  2824 | D:4      | Reached skill level 1 in Shields
  3092 | D:4      | Reached skill level 6 in Air Magic
  3179 | D:4      | Found a staircase to the Ecumenical Temple.
  3211 | D:4      | Found an opulent altar of Gozag.
  3966 | D:5      | Entered Level 5 of the Dungeon
  4046 | D:5      | Reached XP level 7. HP: 36/36 MP: 10/13
  4056 | D:5      | Learned a level 5 spell: Lightning Bolt
  4245 | D:5      | Reached ** piety under Vehumet
  4245 | D:5      | Offered knowledge of Freeze by Vehumet.
  4371 | D:5      | Found a glowing drain.
  4385 | Sewer    | Entered a sewer
  4760 | Sewer    | Reached skill level 1 in Axes
  4764 | Sewer    | Offered knowledge of Stone Arrow by Vehumet.
  4839 | Sewer    | Reached *** piety under Vehumet
  4955 | Sewer    | Offered knowledge of Olgreb's Toxic Radiance by Vehumet.
  5400 | D:6      | Reached skill level 1 in Fighting
  5570 | D:6      | Reached skill level 7 in Air Magic
  5573 | D:6      | Reached XP level 8. HP: 32/43 MP: 14/16
  5948 | D:6      | Reached skill level 5 in Spellcasting
  5956 | D:6      | Learned a level 4 spell: Olgreb's Toxic Radiance
  5956 | D:6      | Found a sacrificial altar of Ru.
  5980 | D:6      | HP: 1/43 [howler monkey (8)]
  5983 | D:6      | Killed from afar by an orc priest

Vault maps used:
D:1:      nagdon_arrival_double_spiral
D:2:      lemuel_crystal_altar, marbit_many_paths, fedhas_altar_4
D:3:      first_bread, corexii_hall_statues_l, uniq_terence, uniq_robin
D:4:      minmay_temple_entry_statues_fountains, grunt_gozag_breadcrumbs
D:5:      portal_sewer_entry_e
D:6:      nicolae_ru_sacrificial_ziggurat
Sewer:    sewer_sea

Skill      XL: |  1  2  3  4  5  6  7  8 |
---------------+-------------------------+-----
Conjurations   | 2 3 4 |  4.9
Air Magic      | 5 6 7 |  7.5
Spellcasting   | 3 4 5 |  5.1
Shields        | 1 |  1.3
Dodging        | 3 |  3.7
Axes           | 1 2 |  2.1
Fighting       | 1 |  1.4
Stealth        | 3 |  3.1
Maces & Flails | |  0.9

Action                   |  1- 3 |  4- 6 |  7- 9 || total
-------------------------+-------+-------+-------++-------
Melee: Mace              |    11 |    41 |       ||    52
       Peck              |     1 |     7 |     4 ||    12
       Kick              |     1 |    13 |     3 ||    17
       War axe           |       |     8 |    51 ||    59
 Cast: Shock             |    60 |   100 |    76 ||   236
       Static Discharge  |       |     3 |     3 ||     6
       Airstrike         |       |     1 |     8 ||     9
       Lightning Bolt    |       |       |     1 ||     1
  Use: Potion            |       |       |     3 ||     3
 Stab: Sleeping          |       |       |     1 ||     1
  Eat: Chunk             |     2 |     6 |     6 ||    14
       Bread ration      |       |     1 |       ||     1
Armor: Robe              |     4 |     1 |       ||     5
       Animal skin       |       |    14 |    14 ||    28
Dodge: Dodged            |    23 |    53 |    42 ||   118
Block: Buckler           |       |    13 |    11 ||    24
